 Dungeon Crawl Stone Soup version 0.14-a0-2400-gb2944a8 (webtiles) character file.

189 RedPan the Cudgeler (level 4, -2/28 HPs)
             Began as a Gargoyle Fighter on Feb 3, 2014.
             Slain by an orc wizard
             ... wielding a +1,+3 orcish dagger
              (3 damage)
             ... while paralysed by Grinder
             ... on Level 3 of the Dungeon.
             The game lasted 00:04:57 (1911 turns).

RedPan the Cudgeler (Gargoyle Fighter)              Turns: 1911, Time: 00:04:57

HP  -2/28        AC 11     Str 21      XL: 4   Next: 96%
MP   4/4         EV  2     Int  8      God:
Gold 76          SH  0     Dex  9      Spells:  0 memorised,  3 levels left

rFire  . . .     SeeInvis .     a - +0 mace
rCold  . . .     Clarity  .     b - +0 scale mail
rNeg   + . .     Conserve .     c - +0 shield
rPois  +         rCorr    .     n - +0 helmet
rElec  +         rRot     +     (no cloak)
SustAb . .       Spirit   .     (no gloves)
rMut   .         Warding  .     (no boots)
Saprov . . .     Stasis   .     (no amulet)
MR     .....                    (no ring)
                                p - +6,+4 ring of slaying {unknown}

@: paralysed, not resistant to hostile enchantments, extremely unstealthy
A: life protection 1, electricity resistance, unbreathing, petrification
resistance, AC +3
a: no special abilities


You were on level 3 of the Dungeon.
You were hungry.

You visited 1 branch of the dungeon, and saw 3 of its levels.

You collected 76 gold pieces.

Inventory:

Hand weapons
 a - a +0,+0 mace (weapon)
Armour
 b - a +0 scale mail (worn)
 c - a +0 shield (worn)
 n - a +0 helmet (worn)
Comestibles
 d - 4 bread rations
 f - a meat ration
 h - a sausage
 j - a choko
Scrolls
 i - 2 scrolls of curse weapon {unknown}
 k - a scroll of amnesia {unknown}
 l - 2 scrolls of teleportation {unknown}
 m - a scroll of fog {unknown}
 o - a scroll of enchant armour {unknown}
 r - a scroll of blinking {unknown}
Jewellery
 p - a +6,+4 ring of slaying (left hand) {unknown}
Potions
 e - a potion of heal wounds {unknown}
 g - a potion of flight {unknown}


   Skills:
 - Level 3.2 Fighting
 + Level 5.4 Maces & Flails
 - Level 3.2 Armour
 - Level 3.2 Shields


You had 3 spell levels left.
You didn't know any spells.

Dungeon Overview and Level Annotations

Branches:
Dungeon (3/16)

Altars:
Trog

Annotations:
D:3 Grinder


Innate Abilities, Weirdness & Mutations

You are resistant to torment.
You are immune to poison.
Your stone body is very resilient (AC +3).
You resist negative energy.
You are resistant to electric shocks.
You can survive without breathing.
You are immune to petrification.


Message History

The orc hits you but does no damage. Something hits you but does no damage.
You block Grinder's attack. The adder bites you.
You block the orc wizard's attack. The orc barely misses you.
You hit Grinder.
Grinder is heavily wounded.
The orc wizard hits you but does no damage.
Grinder gestures at you.
You suddenly lose the ability to move!
The adder bites you but does no damage. The orc hits you but does no damage.
The orc wizard hits you with an orcish dagger.
The adder bites you. Grinder hits you but does no damage. The orc hits you.
The orc wizard hits you but does no damage.
The adder bites you but does no damage.
The orc hits you from afar with an orcish trident.
* * * LOW HITPOINT WARNING * * *
The orc wizard completely misses you. Grinder hits you.
* * * LOW HITPOINT WARNING * * *
The orc hits you but does no damage. The adder bites you but does no damage.
The orc wizard hits you with an orcish dagger.
You die...

. ... ....###
........#####.##..
........5@o.......
........#oSo#.##.#
.!.#######...# .
#..... ..... .## #


You could see Grinder, an orc wizard, an adder and 2 orcs.

Vanquished Creatures
  3 adders (D:2)
  A giant mite (D:3)
  A worm (D:3)
  3 giant geckos
  2 orcs (D:3)
  12 bats
  4 giant cockroaches
  8 goblins
  8 hobgoblins
  6 kobolds
  2 quokkas (D:3)
  4 giant newts
  17 rats
71 creatures vanquished.

Notes
Turn   | Place    | Note
--------------------------------------------------------------
     0 | D:1      | RedPan, the Gargoyle Fighter, began the quest for the Orb.
     0 | D:1      | Reached XP level 1. HP: 14/14 MP: 1/1
    71 | D:1      | Reached XP level 2. HP: 19/19 MP: 2/2
   331 | D:1      | Reached XP level 3. HP: 23/23 MP: 3/3
   536 | D:1      | Reached skill level 4 in Maces & Flails
   951 | D:2      | Reached XP level 4. HP: 28/28 MP: 4/4
  1044 | D:2      | Noticed a moth of wrath
  1046 | D:2      | Found a bloodstained altar of Trog.
  1456 | D:2      | Reached skill level 5 in Maces & Flails
  1894 | D:3      | Noticed Grinder
  1908 | D:3      | Paralysed by Grinder for 4 turns
  1910 | D:3      | HP: 1/28 [Grinder (5)]
  1911 | D:3      | Slain by an orc wizard

Action                   |  1- 3 |  4- 6 || total
-------------------------+-------+-------++-------
Melee: Mace              |   146 |    90 ||   236
